 Dungeon Crawl Stone Soup version 0.24.0-125-gc4c63601f3 (webtiles) character file.

Game seed: 17716382736567107900, levelgen mode: deterministic

7616 Johnny the Thaumaturge (level 10, 0/86 HPs)
             Began as a Purple Draconian Ice Elementalist on Mar 8, 2020.
             Was a Priest of Okawaru.
             Slain by a wight
             ... wielding a cursed +4 short sword
              (3 damage)
             ... on level 9 of the Dungeon.
             The game lasted 00:17:12 (13232 turns).

Johnny the Thaumaturge (DrIE)                      Turns: 13232, Time: 00:17:12

Health: 0/86       AC:  7    Str: 10    XL:     10   Next: 98%
Magic:  20/26      EV: 12    Int: 20    God:    Okawaru [***...]
Gold:   465        SH:  0    Dex: 17    Spells: 21/33 levels left

rFire    . . .     SeeInvis .   v - +2 whip (freeze)
rCold    . . .     Gourm    .   (no shield)
rNeg     . . .     Faith    +   (armour unavailable)
rPois    .         Spirit   .   y - +0 hat
rElec    .         Reflect  .   g - scarf {repulsion}
rCorr    .         Harm     .   (no gloves)
MR       +....                  (no boots)
Stlth    ++........             i - amulet of faith
HPRegen  0.24/turn              j - ring of wizardry
MPRegen  0.20/turn              C - +6 ring of dexterity

@: drained, repel missiles
A: breathe power, unfitting armour, cold-blooded, AC +7
a: Breathe Dispelling Energy, Heroism, Renounce Religion


You were on level 9 of the Dungeon.
You worshipped Okawaru.
Okawaru was most pleased with you.
You were not hungry.

You visited 2 branches of the dungeon, and saw 11 of its levels.

You collected 510 gold pieces.
You spent 45 gold pieces at shops.

Inventory:

Hand Weapons
 v - a +2 whip of freezing (weapon)
 H - a +1 dagger of freezing
Armour
 g - a scarf of repulsion (worn)
 y - a +0 hat (worn)
Magical Staves
 J - an uncursed staff of conjuration {unknown}
Jewellery
 h - the amulet of the Air {Inacc +Fly rElec EV+5 RMsl}
   (You found it on level 6 of the Dungeon)

   [amulet of inaccuracy]

   It reduces the accuracy of all your attacks.
   It affects your evasion (+5).
   It insulates you from electricity.
   It lets you fly.
   It protects you from missiles.
 i - an amulet of faith (around neck)
 j - a ring of wizardry (left hand)
 C - a +6 ring of dexterity (right hand)
Wands
 s - a wand of clouds (1)
Scrolls
 c - 3 scrolls of immolation
 d - a scroll of teleportation
 n - 3 scrolls of random uselessness
 p - 2 scrolls of fear
 r - 2 scrolls of remove curse
 t - a scroll of enchant weapon {unknown}
 u - 3 scrolls of fog
 B - a scroll of magic mapping
 E - a scroll of torment
 F - 2 scrolls of blinking
 G - a scroll of holy word
 I - a scroll of silence
Potions
 a - 3 potions of heal wounds
 e - 2 potions of resistance
 f - 2 potions of haste {unknown}
 k - 5 potions of curing
 l - 3 potions of degeneration {unknown}
 m - a potion of ambrosia {unknown}
 o - a potion of berserk rage {unknown}
 q - 2 potions of might {unknown}
 w - 2 potions of agility {unknown}
 x - a potion of mutation {unknown}
 z - 2 potions of cancellation {unknown}
 A - a potion of flight
 K - a potion of brilliance {unknown}
Comestibles
 b - 29 rations
 D - 8 chunks of flesh


   Skills:
 + Level 7.1(6.4) Fighting
 - Level 1.7(1.2) Dodging
 - Level 1.7(1.2) Stealth
 * Level 12.4(11.6) Spellcasting
 - Level 1.0(0.4) Conjurations
 + Level 11.0(10.3) Ice Magic


You had 21 spell levels left.
You knew the following spells:

 Your Spells              Type           Power        Failure   Level  Hunger
a - Freeze                Ice            ####         1%          1    None
b - Throw Icicle          Conj/Ice       ####....     2%          4    #......
c - Summon Ice Beast      Ice/Summ       ####....     2%          4    #......
d - Ozocubu's Armour      Chrm/Ice       ####....     1%          3    None

Your spell library contained the following spells:

 Spells                   Type           Power        Failure   Level  Hunger
 Throw Frost              Conj/Ice       ####..       1%          2    None
 Animate Skeleton         Necr           N/A          2%          1    None
 Apportation              Tloc           ##....       2%          1    None
 Confusing Touch          Hex            ##....       2%          1    None
 Pain                     Necr           ##..         2%          1    None
 Sandblast                Erth           ##....       2%          1    None
 Summon Small Mammal      Summ           ##..         2%          1    None
 Passwall                 Tmut/Erth      ##......     3%          2    None
 Stone Arrow              Conj/Erth      ##....       6%          3    None
 Regeneration             Chrm/Necr      ##........   8%          3    None
 Vampiric Draining        Necr           ##........   8%          3    None
 Animate Dead             Necr           N/A          24%         4    #......
 Petrify                  Tmut/Erth      ##......     24%         4    #......
 Lee's Rapid Deconstruct  Erth           ##........   52%         5    ####...


Dungeon Overview and Level Annotations

Branches:
Dungeon (10/15)            Temple (1/1) D:7            Lair (0/6) D:9
    Orc (0/2) D:10

Altars:
Ashenzari
Cheibriados
Dithmenos
Elyvilon
Fedhas
Gozag
Hepliaklqana
Kikubaaqudgha
Makhleb
Nemelex Xobeh
Okawaru
Qazlal
Ru
Sif Muna
Trog
Uskayaw
Vehumet
Wu Jian
Xom
Yredelemnul
Zin
Beogh

Shops:
D:5 *

Annotations:
D:9 1 runed translucent door, thethe's ghost, novice DEWz


Innate Abilities, Weirdness & Mutations

You can breathe bolts of dispelling energy.
Your rich purple scales are hard. (AC +7)
You cannot fit into any form of body armour.
You are cold-blooded and may be slowed by cold attacks.


Message History

Your ice beast dies!
The wight hits you with a cursed +4 short sword.
* * * LOW HITPOINT WARNING * * *
You feel drained.
You climb upwards.
Level annotation: 1 runed translucent door, thethe's ghost, novice DEWz
There is a stone staircase leading down here.
Unknown command.
Unknown command.
Casting: Summon Ice Beast (safe; 2% risk of failure)
Confirm with . or Enter, or press ? or * to list all spells.
Aiming: Throw Icicle (safe; 2% risk of failure)
Press: ? - help, Shift-Dir - straight line, f - wight
Aim: a wight, wielding a +4 short sword and wearing a cursed +0 robe The shard of ice hits the wight!
The wight partially resists.
The wight is severely damaged.
The wight hits you with a cursed +4 short sword!
* * * LOW HITPOINT WARNING * * *
You feel drained.
You die...

)##### #.....# .#
#.....# .# ##'####
.# #..# .#
##'###### ##
#.......# #####
#.......# ....####
#......)#
....'..###....(z@#
....##...'.......#
....######.......#
....# #.......#
....# #.......#
....# ####'####
##### ##...#
#..### ####'#####


You could see a wight.

Vanquished Creatures
  A two-headed ogre (D:9)
  Pikel (D:5)
  A troll (D:9)
  2 hippogriffs (D:8)
  4 hogs (D:7)
  A human (D:7)
  A steam dragon (D:10)
  A hungry ghost (D:9)
  Edmund (D:5)
  2 ice beasts
  3 sky beasts
  5 orc warriors
  6 centaurs
  7 ogres
  A wolf (D:9)
  A big kobold (D:9)
  5 bullfrogs
  2 scorpions
  8 wights
  A howler monkey (D:8)
  2 crimson imps (D:8)
  2 bullfrog skeletons
  10 hounds
  2 jellies
  A quasit (D:9)
  11 orc priests
  7 orc wizards
  A gnoll shaman (D:8)
  4 iguanas
  5 worker ants
  A hound skeleton (D:8)
  24 gnolls
  A worker ant zombie (D:6)
  10 adders
  4 shadow imps
  2 adder zombies
  2 adder skeletons
  4 worms
  2 dart slugs
  8 leopard geckos
  49 orcs
  5 bats
  5 giant cockroaches
  12 goblins
  17 hobgoblins
  15 jackals
  17 kobolds
  3 quokkas
  2 ball pythons
  10 frilled lizards
  A leopard gecko skeleton (D:4)
  2 quokka skeletons
  7 rats
302 creatures vanquished.

Vanquished Creatures (collateral kills)
  An orc warrior (D:10)
  An ogre (D:10)
  3 orcs (D:10)
5 creatures vanquished.

Vanquished Creatures (others)
  2 slaves (D:5)
  An adder (D:5)
  A leopard gecko (D:3)
  A ball python (D:5)
  A leopard gecko zombie (D:5)
6 creatures vanquished.

Grand Total: 313 creatures vanquished

Notes
Turn   | Place    | Note
-------+----------+-------------------------------------------
     0 | D:1      | Johnny the Draconian Ice Elementalist began the quest for
                  | the Orb.
     0 | D:1      | Reached XP level 1. HP: 14/14 MP: 3/3
   406 | D:1      | Reached XP level 2. HP: 16/20 MP: 0/5
   777 | D:2      | Found a bloodstained altar of Trog.
   837 | D:2      | Reached XP level 3. HP: 26/26 MP: 7/7
   978 | D:1      | Reached skill level 3 in Spellcasting
  1602 | D:2      | Reached XP level 4. HP: 24/33 MP: 5/8
  2473 | D:3      | Reached XP level 5. HP: 26/38 MP: 0/10
  2981 | D:3      | Reached skill level 4 in Spellcasting
  2989 | D:3      | Reached skill level 5 in Ice Magic
  3728 | D:4      | Reached XP level 6. HP: 35/45 MP: 5/12
  5069 | D:4      | Learned a level 4 spell: Throw Icicle
  5086 | D:4      | Reached skill level 5 in Spellcasting
  5131 | D:4      | Your scales start taking on a rich purple colour.
  5131 | D:4      | Reached skill level 6 in Spellcasting
  5131 | D:4      | Reached XP level 7. HP: 38/50 MP: 1/16
  6023 | D:5      | Entered Level 5 of the Dungeon
  6023 | D:5      | Noticed Pikel
  6100 | D:5      | Killed Pikel
  6100 | D:5      | Reached skill level 8 in Spellcasting
  6100 | D:5      | Reached XP level 8. HP: 22/57 MP: 10/20
  6556 | D:5      | Noticed Edmund
  6567 | D:5      | Killed Edmund
  6780 | D:5      | Reached skill level 9 in Spellcasting
  6882 | D:5      | Found Fuofyhon's General Store.
  6890 | D:5      | Bought a potion of flight for 45 gold pieces
  7048 | D:6      | Found the amulet of the Air {Inacc +Fly rElec EV+5 RMsl}
  7361 | D:6      | Reached XP level 9. HP: 37/62 MP: 5/22
  7722 | D:6      | Found Cofful's Antique Armour Boutique.
  7932 | D:6      | Reached skill level 1 in Fighting
  8521 | D:7      | Reached skill level 10 in Spellcasting
  8700 | D:7      | Found a shimmering altar of Xom.
  8854 | D:6      | Learned a level 4 spell: Summon Ice Beast
  8858 | D:6      | Learned a level 3 spell: Ozocubu's Armour
  9270 | D:7      | Found a staircase to the Ecumenical Temple.
  9286 | Temple   | Entered the Ecumenical Temple
  9459 | Temple   | Became a worshipper of Warmaster Okawaru
  9537 | D:7      | Reached skill level 10 in Ice Magic
 10068 | D:8      | Got a wavering copper ring
 10071 | D:8      | Identified the cursed ring of Qosh {Str-2 Stlth+} (You
                  | found it on level 8 of the Dungeon)
 10138 | D:8      | Reached XP level 10. HP: 62/80 MP: 24/24
 10359 | D:8      | Reached skill level 5 in Fighting
 10605 | D:8      | Reached * piety under Okawaru
 10916 | D:8      | Reached skill level 11 in Spellcasting
 11329 | D:9      | Reached ** piety under Okawaru
 11520 | D:9      | Found a staircase to the Lair.
 11536 | D:9      | Found a runed translucent door.
 11635 | D:9      | Noticed a two-headed ogre
 11640 | D:9      | Killed a two-headed ogre
 11717 | D:9      | Noticed thethe's ghost (novice DEWz)
 12110 | D:9      | Reached skill level 12 in Spellcasting
 12320 | D:10     | Entered Level 10 of the Dungeon
 12334 | D:10     | Reached *** piety under Okawaru
 12435 | D:10     | Found a roughly hewn altar of Beogh.
 12487 | D:9      | HP: 4/86 [poisoned by an orc warrior]
 12494 | D:9      | HP: 4/86 [poisoned by an orc warrior]
 12502 | D:9      | HP: 4/86 [poisoned by an orc warrior]
 12968 | D:10     | Found a staircase to the Orcish Mines.
 13232 | D:9      | HP: 3/86 [wight/cursed +4 short sword (7)]
 13232 | D:9      | Slain by a wight

Levels and vault maps discovered:
D:1:      erik_arrival_cave_to_civilisation [erik_arrival_cave_to_hall],
          layout_basic, minmay_box_of_dots
D:2:      layout_rooms, bloody_trog, first_ration
D:3:      layout_basic
D:4:      corexii_shantytown, layout_basic, hex_tiny
D:5:      layout_rooms, serial_shops, shop, uniq_edmund, uniq_pikel
D:6:      layout_gridville, serial_shops, shop_statue
D:7:      layout_loops_cross, minmay_temple_entry_proselytizer, grunt_livestock,
          xom_teletrap_fun
D:8:      layout_basic, serial_curves, eino_curves_03, eino_curves_03,
          nrook_mini_vaults
D:9:      layout_roguey, erik_lair_island, ebering_ghost_inner_flame
D:10:     layout_cave_pools, david_orc_5, basic_altar,
          minmay_misc_feat_more_columns, minivault_11, serial_bayou_crossing
Temple:   roderic_octagonal_lattice_temple

Skill      XL: |  1  2  3  4  5  6  7  8  9 10 |
---------------+-------------------------------+-----
Spellcasting   | 3 4 6 8 9 10 12 | 12.4
Ice Magic      | 4 5 6 7 8 10 11 | 11.0
Fighting       | 4 7 |  7.1
Dodging        | |  1.7
Stealth        | |  1.7
Conjurations   | |  1.0

Action                   |  1- 3 |  4- 6 |  7- 9 | 10-12 || total
-------------------------+-------+-------+-------+-------++-------
Melee: Unarmed           |    82 |   123 |    12 |       ||   217
       Tailslap          |     9 |    10 |    14 |    15 ||    48
       Whip              |       |       |   179 |   146 ||   325
 Cast: Freeze            |    50 |   157 |   175 |    73 ||   455
       Throw Icicle      |       |       |    38 |    56 ||    94
       Summon Ice Beast  |       |       |     4 |     9 ||    13
 Abil: Breathe Dispellin |       |       |     1 |       ||     1
Evoke: Wand              |       |       |    26 |    38 ||    64
  Use: Scroll            |       |       |    11 |     4 ||    15
       Potion            |       |       |       |     2 ||     2
 Stab: Sleeping          |       |     5 |     1 |     4 ||    10
       Distracted        |       |       |     1 |       ||     1
  Eat: Chunk             |     2 |    11 |    12 |    13 ||    38
       Ration            |       |       |     2 |       ||     2
Armor: Skin              |    44 |    67 |    77 |    84 ||   272
Dodge: Dodged            |    88 |   166 |   298 |   164 ||   716
       Deflected         |     1 |     4 |     2 |     5 ||    12
